 Dungeon Crawl Stone Soup version 0.26-b1-52-g61e05abef2 (webtiles) character file.

Game seed: 17257444769067924020

95 Mattiprrivan the Sneak (level 4, 0/34 HPs)
             Began as a Formicid Brigand on Jan 7, 2021.
             Slain by an adder (2 damage)
             ... on level 2 of the Dungeon.
             The game lasted 00:22:43 (1868 turns).

Mattiprrivan the Sneak (Formicid Brigand)           Turns: 1868, Time: 00:22:45

Health: 0/34       AC:  3    Str: 15      XL:     4   Next: 95%
Magic:  4/4        EV: 12    Int: 10 (11) God:
Gold:   95         SH:  0    Dex: 11 (13) Spells: 3/3 levels left

rFire    . . .     SeeInvis +   a - +2 dagger
rCold    . . .     Faith    .   (no shield)
rNeg     . . .     Spirit   .   b - +1 robe
rPois    .         Reflect  .   (helmet unavailable)
rElec    .         Harm     .   (no cloak)
rCorr    .         Rampage  .   (no gloves)
Will     .....                  (no boots)
Stlth    +++.......             (no amulet)
HPRegen  0.11/turn              f - ring of flight
MPRegen  0.09/turn              g - -4 ring of slaying (curse)

@: lethally poisoned (0 -> -4)
A: permanent stasis, dig shafts and tunnels, four strong arms, antennae 3
a: Dig, Shaft Self, Evoke Flight


You were on level 2 of the Dungeon.
You visited 1 branch of the dungeon, and saw 2 of its levels.

You collected 95 gold pieces.

Inventory:

Hand Weapons
 a - a +2 dagger (weapon)
Missiles
 i - 3 boomerangs (quivered)
Armour
 b - a +1 robe (worn)
 c - a +0 cloak
Jewellery
 f - a ring of flight (left hand)
 g - a cursed -4 ring of slaying (right hand)
Scrolls
 h - a scroll of immolation


   Skills:
 * Level 2.4 Fighting
 * Level 2.6(2.7) Short Blades
 * Level 0.7(1.8) Long Blades
 * Level 0.9(1.9) Slings
 * Level 2.3(2.4) Throwing
 * Level 0.7 Armour
 * Level 1.3 Dodging
 * Level 5.7 Stealth
 * Level 0.8 Evocations


You had 3 spell levels left.
You didn't know any spells.
Your spell library was empty.

Dungeon Overview and Level Annotations

Branches:
Dungeon (2/15)

Altars:


Innate Abilities, Weirdness & Mutations

You cannot be hasted, slowed, berserked, paralysed or teleported.
You can dig through walls and to a lower floor.
Your four strong arms can wield two-handed weapons with a shield.
You have a pair of large antennae on your head. (SInv)


Message History

The adder bites you.
* * * LOW HITPOINT WARNING * * *
* * * LOW HITPOINT WARNING * * *
You feel sick.
Throw: 3 boomerangs
Press: ? - help, Q - select action, (/) - cycle Shift-Dir - straight line, f/p - adder
Aim: an adder (moderately wounded)
You throw a boomerang. The boomerang misses the adder.
* * * LOW HITPOINT WARNING * * *
You feel sick. The adder bites you but does no damage. The adder bites you.
* * * LOW HITPOINT WARNING * * *
The adder barely misses you.
Hit: a) +2 dagger
Press: ? - help, Dir - move target, f/p - adder
Aim: an adder (moderately wounded)
You closely miss the adder.
The adder is moderately wounded.
* * * LOW HITPOINT WARNING * * *
You feel sick. The adder bites you.
You die...

#### #########
.(# #.......#
#(# #.#####.#
#S###.#####.##
#.@..........#
#
#.###.#####..#
# #.#
#.#####..### #
..#
#..........# #
####
##########.#
##### #.#
....# .##. #.#
..... ...
####.### ....#
#.. #......#


You could see an adder.

Vanquished Creatures
  Natasha (D:2)
  An adder (D:2)
  2 oozes
  2 worms (D:2)
  A dart slug (D:1)
  2 leopard geckos (D:2)
  5 giant cockroaches (D:1)
  A goblin (D:1)
  10 hobgoblins
  5 kobolds
  A quokka (D:2)
  A ball python (D:1)
  2 bats
  4 frilled lizards
  4 rats
42 creatures vanquished.

Notes
Turn   | Place    | Note
-------+----------+-------------------------------------------
     0 | D:1      | Mattiprrivan the Formicid Brigand began the quest for the
                  | Orb.
     0 | D:1      | Reached XP level 1. HP: 16/16 MP: 1/1
    83 | D:1      | Reached skill level 5 in Stealth
   101 | D:1      | Reached skill level 1 in Dodging
   136 | D:1      | Reached XP level 2. HP: 11/22 MP: 2/2
   555 | D:1      | Reached XP level 3. HP: 21/28 MP: 3/3
  1321 | D:2      | Noticed Natasha
  1351 | D:2      | Reached XP level 4. HP: 34/34 MP: 4/4
  1420 | D:2      | Killed Natasha
  1868 | D:2      | Slain by an adder

Illustrated notes

Levels and vault maps discovered:
D:1:      minmay_arrival_stone_box, layout_basic, minmay_tripent
D:2:      layout_loops_cross, uniq_natasha

Skill      XL: |  1 |
---------------+----+-----
Stealth        | 5 |  5.7
Dodging        | 1 |  1.3
Fighting       | |  2.4
Short Blades   | |  2.6
Long Blades    | |  0.7
Slings         | |  0.9
Throwing       | |  2.3
Armour         | |  0.7
Evocations     | |  0.8

Action                   |  1- 3 |  4- 6 || total
-------------------------+-------+-------++-------
Melee: Dagger            |    76 |    57 ||   133
Throw: Dart              |    20 |    28 ||    48
       Boomerang         |       |     2 ||     2
  Use: Potion            |     4 |       ||     4
       Scroll            |     8 |       ||     8
 Stab: Sleeping          |     1 |     3 ||     4
Armor: Robe              |    16 |    14 ||    30
Dodge: Dodged            |    30 |    35 ||    65
